 Dungeon Crawl Stone Soup version 0.21.1-1-g345015fe64 (webtiles) character file.

830 kakarotto the Covered (level 7, -10/62 HPs)
             Began as a Minotaur Fighter on July 1, 2018.
             Mangled by an orc warrior
             ... wielding a +0 flail
              (18 damage)
             ... on level 6 of the Dungeon.
             The game lasted 00:41:37 (4787 turns).

kakarotto the Covered (Minotaur Fighter)            Turns: 4787, Time: 00:41:37

Health: -10/62     AC: 10    Str: 23    XL:     7   Next: 65%
Magic:  6/6        EV:  8    Int:  5    God:
Gold:   163        SH:  0    Dex:  9    Spells: 6/6 levels left

rFire    . . .     SeeInvis .   D - +2 quarterstaff (chaos)
rCold    . . .     Gourm    .   (shield currently unavailable)
rNeg     . . .     Faith    .   G - +0 chain mail
rPois    .         Spirit   .   (helmet restricted)
rElec    .         Reflect  .   (no cloak)
rCorr    .         Harm     .   (no gloves)
MR       .....                  (no boots)
Stlth    ..........             A - amulet of regeneration
HPRegen  0.60/turn              i - ring of stealth
MPRegen  0.10/turn              (no ring)

@: lethally poisoned (-10 -> -14)
A: retaliatory headbutt, horns 2
a: no special abilities


You were on level 6 of the Dungeon.
You were hungry.

You visited 1 branch of the dungeon, and saw 6 of its levels.

You collected 299 gold pieces.
You spent 136 gold pieces at shops.

Inventory:

Hand Weapons
 a - a +1 trident
 l - a +0 hunting sling
 r - a +3 mace of protection
 s - a +0 spear
 C - a +0 morningstar
 D - a +2 quarterstaff of chaos (weapon)
 F - a +0 giant club
Missiles
 e - 140 arrows
 q - 16 poisoned needles
 t - 19 bolts
 u - 7 tomahawks (quivered)
 v - 31 sling bullets
 x - 2 throwing nets
Armour
 b - a +0 scale mail
 c - a +0 shield
 h - a +0 scale mail
 o - a +0 leather armour of magic resistance
 w - a +0 scale mail
 B - a +0 ring mail
 G - a +0 chain mail (worn)
Jewellery
 i - a ring of stealth (left hand)
 A - an amulet of regeneration (around neck)
Wands
 y - a wand of random effects (18)
Scrolls
 j - 5 scrolls of identify
 k - a scroll of magic mapping
 n - 3 scrolls of teleportation
 p - 2 scrolls of remove curse
 z - a scroll of fear
 E - a scroll of enchant armour {unknown}
Potions
 d - 3 potions of might
 g - 3 potions of lignification
 m - 3 potions of degeneration
Comestibles
 f - 15 rations


   Skills:
 + Level 5.9 Fighting
 - Level 5.9(6.3) Polearms
 + Level 3.4(5.1) Staves
 + Level 6.9 Armour
 - Level 1.1 Dodging
 - Level 0.1 Stealth
 - Level 4.0 Shields


You had 6 spell levels left.
You didn't know any spells.

Dungeon Overview and Level Annotations

Branches:
Dungeon (6/15)
 Temple: D:4-7

Altars:
Ashenzari
Dithmenos
Gozag
Nemelex Xobeh
Trog
Xom
The Shining One

Shops:
D:4 *


Innate Abilities, Weirdness & Mutations

You reflexively headbutt those who attack you in melee.
You have a pair of horns on your head.


Message History

A puff of flame appears from out of thin air!
The puff of flame hits you! The orc warrior barely misses you.
You sock the orc priest!
You kill the orc priest!
You feel sick. Something hits you.
You are more poisoned.
The orc warrior hits you with a flail.
You hit the orc warrior but do no damage.
You feel sick. Something hits you but does no damage.
The orc warrior hits you with a flail!
* * * LOW HITPOINT WARNING * * *
You hit the orc warrior.
The orc warrior goes berserk!
The orc warrior is lightly wounded.
You feel sick.
You hear some strange, mumbled words.
A magic dart appears from out of thin air!
The magic dart hits you!
* * * LOW HITPOINT WARNING * * *
The orc warrior hits you with a flail!!
You die...

...# #.# #..... ...# #.#
#..... ...# #.# ##.....
...## #.# #.....# .$..
#.# #.##..###..# #.#
####.###..#..# . #.##
#.....##..{..##....
#†.###.........†@......$
.<.......##....o....##..
........####..._...##
.........##.........#
...............(......
######.....##.....##..#
###..###..#..# #.# #..#
..###..# .# #... .# ...


You could see an orc warrior (berserk).

Vanquished Creatures
  An ogre (D:5)
  2 howler monkeys
  A crimson imp (D:5)
  A quasit (D:5)
  A centaur skeleton (D:5)
  2 orc priests
  Crazy Yiuf (D:4)
  6 orc wizards
  3 worker ants
  A hound skeleton (D:4)
  7 adders
  2 oozes
  An adder zombie (D:5)
  5 worms
  3 dart slugs (D:1)
  2 leopard geckos
  24 orcs
  4 giant cockroaches
  12 goblins
  10 hobgoblins
  4 jackals (D:5)
  3 quokkas
  5 bats
  8 frilled lizards
  6 kobolds
  28 rats
  A fungus (D:4)
144 creatures vanquished.

Vanquished Creatures (others)
  3 plants (D:3)
3 creatures vanquished.

Grand Total: 147 creatures vanquished

Notes
Turn   | Place    | Note
-------+----------+-------------------------------------------
     0 | D:1      | kakarotto the Minotaur Fighter began the quest for the Orb.
     0 | D:1      | Reached XP level 1. HP: 19/19 MP: 0/0
   195 | D:1      | Reached XP level 2. HP: 27/27 MP: 1/1
   218 | D:1      | Reached skill level 4 in Armour
   607 | D:1      | Reached XP level 3. HP: 33/33 MP: 2/2
  1087 | D:2      | Reached XP level 4. HP: 36/41 MP: 3/3
  1421 | D:2      | Found a glowing golden altar of the Shining One.
  1423 | D:2      | Found a sparkling altar of Nemelex Xobeh.
  1499 | D:2      | Reached skill level 1 in Dodging
  1600 | D:2      | Found a shattered altar of Ashenzari.
  1603 | D:2      | Found an opulent altar of Gozag.
  1843 | D:2      | Found a bloodstained altar of Trog.
  2245 | D:3      | Found a shattered altar of Ashenzari.
  2263 | D:3      | Saw a vision of the Swamp and the Spider Nest.
  2263 | D:3      | Noticed a wolf spider
  2263 | D:3      | Noticed a wolf spider
  2263 | D:3      | Noticed a water moccasin
  2263 | D:3      | Noticed a swamp drake
  2263 | D:3      | Noticed a swamp drake
  2263 | D:3      | Noticed a swamp drake
  2264 | D:3      | Noticed a wolf spider
  2265 | D:3      | Noticed a wolf spider
  2265 | D:3      | Noticed a redback
  2297 | D:3      | Reached XP level 5. HP: 38/47 MP: 4/4
  2872 | D:3      | Reached skill level 5 in Polearms
  3123 | D:3      | Reached skill level 5 in Armour
  3134 | D:3      | Reached XP level 6. HP: 36/53 MP: 5/5
  3360 | D:4      | Found a shimmering altar of Xom.
  3628 | D:4      | Found Sez Wiecs's Assorted Antiques.
  3637 | D:4      | Bought a ring mail for 136 gold pieces
  3675 | D:4      | Found a shadowy altar of Dithmenos.
  3992 | D:4      | Found a runed door.
  4006 | D:4      | Noticed Crazy Yiuf
  4011 | D:4      | Killed Crazy Yiuf
  4062 | D:5      | Entered Level 5 of the Dungeon
  4064 | D:5      | Reached skill level 5 in Fighting
  4116 | D:5      | Reached skill level 1 in Staves
  4118 | D:5      | Reached skill level 6 in Armour
  4136 | D:5      | Reached XP level 7. HP: 44/61 MP: 6/6
  4770 | D:6      | Found a shadowy altar of Dithmenos.
  4787 | D:6      | Mangled by an orc warrior

Skill      XL: |  1  2  3  4  5  6  7 |
---------------+----------------------+-----
Armour         | 4 5 6 |  6.9
Shields        | 4 |  4.0
Fighting       | 4 5 |  5.9
Polearms       | 3 4 5 |  5.9
Dodging        | 1 |  1.1
Staves         | 1 3 |  3.4
Stealth        | |  0.1

Action                   |  1- 3 |  4- 6 |  7- 9 || total
-------------------------+-------+-------+-------++-------
Melee: Trident           |   118 |   203 |       ||   321
       Headbutt          |    13 |    33 |     5 ||    51
       Quarterstaff      |       |    25 |    46 ||    71
  Use: Scroll            |     7 |     3 |       ||    10
       Potion            |     5 |     2 |       ||     7
  Eat: Chunk             |     1 |    10 |     1 ||    12
Armor: Scale mail        |    41 |    74 |    18 ||   133
       Chain mail        |       |       |     5 ||     5
Dodge: Dodged            |    25 |    65 |    31 ||   121
Block: Shield            |    51 |    79 |       ||   130
